Carnivores vs Mulligans
(R1)
Created - February 7, 2019 at 19:00
Goals
|
Carnivores |
2 |
1 |
3 |
0 |
3 |
7 |
Mulligans |
2 |
3 |
1 |
0 |
2 |
6 |
|
Shots
|
Carnivores |
8 |
9 |
9 |
1 |
6 |
27 |
Mulligans |
13 |
12 |
13 |
4 |
6 |
42 |
|
1st period
1. Carnivores , Blake Geoffrion 38 (Nikita Alexeev 20) at 8:14
2. Mulligans , Eric Tangradi 27 (Nick Bonino 46, Jonathan Tremblay 16) at 15:27 (PP)
3. Carnivores , Blake Geoffrion 39 (Anton Gustafsson 10, Anders Lindback) at 16:39 (PP)
4. Mulligans , Ben Hutton 2 (Sven Baertschi 15, Joonas Donskoi 13) at 19:34
Penalties :
Jeremy Welsh (Bre) for Charging (Minor) at 8:37, Matt Beleskey (Rep) for Hooking (Minor) at 11:29, Nikita Alexeev (Bre) for Cross-checking (Minor) at 15:10, Sven Baertschi (Rep) for Interference (Minor) at 16:27, Jonathan Tremblay (Rep) for Hooking (Minor) at 16:52
2nd period
5. Mulligans , Logan Shaw 12 (Drayson Bowman 18, Anton Lander 22) at 0:59
6. Mulligans , Joonas Donskoi 10 (Maxime Macenauer 19) at 11:03
7. Carnivores , Markus Granlund 9 (Nicolas Kerdiles 11) at 17:31
8. Mulligans , Jonathan Tremblay 14 (Eric Tangradi 33, Nick Bonino 47) at 18:58 (PP)
Penalties :
Mat Clark (Bre) for Hooking (Minor) at 6:05, Nicolas Kerdiles (Bre) for High sticking (Minor) at 15:10, Mark MacMillan (Bre) for Hooking (Minor) at 18:14, Nikita Alexeev (Bre) for High sticking (Double Minor) at 18:59
3rd period
9. Carnivores , Hunter Shinkaruk 5 (Elias Lindholm 5, Niklas Svedberg) at 5:38
10. Mulligans , Christoph Bertschy 9 (Matt Beleskey 20, Matt Donovan 45) at 9:13
11. Carnivores , Jeremy Williams 27 (Nicolas Kerdiles 12) at 12:16 (SH)
12. Carnivores , Blake Geoffrion 40 (Mattias Backman 5, Jeremy Williams 15) at 19:49
Penalties :
Jeremy Welsh (Bre) for Delaying the game (Minor) at 11:18, Blake Geoffrion (Bre) for Tripping (Minor) at 15:36
Overtime #1
No Goal
Penalties :
No Penalty
Shootout
Carnivores, Blake Geoffrion - Shot Misses the Net
Mulligans, Nick Bonino - Stopped by Niklas Svedberg
Carnivores, Anton Gustafsson - Stopped by Juuse Saros
Mulligans, Eric Tangradi - Stopped by Niklas Svedberg
Carnivores, Jeremy Williams - Goal!
Mulligans, Anton Lander - Goal!
Carnivores, Hunter Shinkaruk - Goal!
Mulligans, Maxime Macenauer - Goal!
Carnivores, Zack Smith - Stopped by Juuse Saros
Mulligans, Jonathan Tremblay - Stopped by Niklas Svedberg
Carnivores, Jeremy Welsh - Goal!
Mulligans, Christoph Bertschy - Stopped by Niklas Svedberg
Penalties :
No Penalty
Goalie Stats
Anders Lindback (Bre), 13 saves from 17 shots - (0.765), 31:03 minutes
Niklas Svedberg (Bre), 23 saves from 25 shots - (0.920), W, 11-9-1, 32:55 minutes
Juuse Saros (Rep), 21 saves from 27 shots - (0.778), OTL, 5-14-2, 65:00 minutes
Players Stats for Carnivores
Player Name G A P +/- PIM S H SB GA TA FO MP PP MP PK MP
------------------------------------------------------------------------------------
Adam Almquist 0 0 0 0 0 0 0 0 0 0 0/0 3:01 0:00 0:47
Anton Gustafsson 0 1 1 0 0 0 3 0 0 0 23/41 25:37 2:16 9:19
Blake Geoffrion 3 0 3 1 2 5 1 0 0 1 0/0 20:02 2:16 0:00
Curtis Lazar 0 0 0 0 0 0 0 0 0 0 1/1 1:34 0:17 0:00
David Fischer 0 0 0 0 0 0 0 1 0 0 0/0 6:04 1:05 1:17
David Schlemko 0 0 0 0 0 1 0 0 0 1 0/0 15:53 0:09 4:53
Elias Lindholm 0 1 1 -1 0 1 0 0 0 0 1/2 7:08 0:00 0:00
Hunter Shinkaruk 1 0 1 -1 0 2 3 0 0 0 0/0 8:12 0:00 0:56
Jeremy Welsh 0 0 0 1 4 1 2 1 1 0 0/0 13:28 1:38 0:00
Jeremy Williams 1 1 2 3 0 1 1 2 0 0 2/4 18:09 1:37 4:03
Mark MacMillan 0 0 0 -1 2 0 0 0 0 0 0/1 7:07 0:00 0:00
Mark McNeill 0 0 0 -1 0 1 0 1 0 1 1/2 16:28 0:08 9:20
Markus Granlund 1 0 1 2 0 2 3 0 0 0 8/16 18:13 1:46 1:33
Mat Clark 0 0 0 1 2 2 2 3 1 1 0/0 18:26 1:46 0:00
Mattias Backman 0 1 1 0 0 1 1 3 0 1 0/0 28:18 1:10 8:34
Nate Schmidt 0 0 0 -1 0 3 2 2 2 1 0/0 33:47 2:24 9:13
Nicolas Kerdiles 0 2 2 0 2 1 0 0 0 0 1/1 14:54 0:16 4:39
Nikita Alexeev 0 1 1 0 6 4 4 1 3 0 1/2 16:06 2:16 0:00
Ryan Pulock 0 0 0 0 0 0 0 0 0 0 0/0 1:08 0:00 0:00
Sasha Pokulok 0 0 0 2 0 0 2 2 0 0 0/0 23:26 1:46 5:06
Zack Smith 0 0 0 -1 0 2 0 0 0 0 6/8 7:56 0:00 0:00
Players Stats for Mulligans
Player Name G A P +/- PIM S H SB GA TA FO MP PP MP PK MP
------------------------------------------------------------------------------------
Anton Lander 0 1 1 0 0 8 4 0 0 1 10/19 19:45 7:13 1:34
Ben Hutton 1 0 1 0 0 1 1 2 0 0 0/0 22:01 5:39 1:44
Cade Fairchild 0 0 0 -1 0 0 1 0 0 0 0/0 9:51 0:00 0:00
Christoph Bertschy 1 0 1 0 0 2 1 0 0 0 1/3 7:28 0:00 0:16
Cody Goloubef 0 0 0 -2 0 2 4 1 0 2 0/0 30:55 9:16 2:26
Dalton Thrower 0 0 0 1 0 0 0 0 0 0 0/0 2:40 0:00 0:00
Darren Dietz 0 0 0 -1 0 0 1 1 0 1 0/0 9:51 0:00 0:00
Drayson Bowman 0 1 1 0 0 2 0 0 2 0 1/2 17:03 7:13 0:00
Eric Tangradi 1 1 2 -2 0 5 3 1 1 1 1/1 27:49 7:42 2:12
Jonathan Tremblay 1 1 2 -2 2 4 4 2 0 0 2/4 22:05 7:36 0:00
Joonas Donskoi 1 1 2 1 0 1 0 0 0 0 0/0 9:25 0:00 0:00
Logan Shaw 1 0 1 0 0 4 2 0 0 0 1/2 17:07 7:07 0:00
Matt Beleskey 0 1 1 0 2 3 2 0 0 0 0/0 8:06 0:00 0:11
Matt Donovan 0 1 1 1 0 3 2 0 2 2 0/0 32:41 9:16 2:26
Maxime Macenauer 0 1 1 1 0 1 1 1 0 0 2/6 10:39 0:00 1:13
Michael Sdao 0 0 0 0 0 1 0 1 0 0 0/0 22:01 5:39 1:44
Nick Bonino 0 2 2 -2 0 3 2 2 1 0 15/38 27:58 7:42 2:16
Sven Baertschi 0 1 1 1 2 2 4 0 0 0 1/2 10:41 0:12 0:38
Valeri Nichushkin 0 0 0 0 0 0 0 0 0 0 0/1 7:41 0:00 0:00
3 Stars
1 - Blake Geoffrion (Bre)
2 - Jeremy Williams (Bre)
3 - Markus Granlund (Bre)
Power Play
Carnivores - 1 on 3 Attempt(s) - 33.33%
Mulligans - 2 on 9 Attempt(s) - 22.22%
Penalty Kill
Carnivores - 7 on 9 Attempt(s) - 77.78%
- Score 1 goal in Penalty Kill
Mulligans - 2 on 3 Attempt(s) - 66.67%
- Score 0 goal in Penalty Kill
Team Stat
Carnivores - Hits : 24 - Faceoff Wins : 44 - Blocked Shots : 16 - Penalty Minutes : 18
Mulligans - Hits : 32 - Faceoff Wins : 34 - Blocked Shots : 11 - Penalty Minutes : 6
Official
Referees : Unknown
Linesman : Unknown
Game Notes
David Fischer is injured at 14:48 of 1st period (Strained Left Knee)
Niklas Svedberg enters game at 11:03 of 2nd period
9:13 of 3rd period - Mulligans goal is going for a video replay. After video review, Goal.
Blake Geoffrion has scored a Hat Trick!
Sasha Pokulok is injured at 2:59 of 1st overtime period (Lacerated Left Calf)
Finance
Level 1 -- Attendance: 1481 (74.05%) -- Ticket Income $37,025
Level 2 -- Attendance: 686 (68.60%) -- Ticket Income $8,232
Total Attendance: 2167 (72.23%)
Total Ticket Income: $45,257
Other Income: $2,263
Total Income: $47,520
Carnivores
5 vs 5 Forward
Center Left Wing Right Wing Time % Phy DF OF
1 Anton Gustafsson Blake Geoffrion Nikita Alexeev 40 1 2 2
2 Markus Granlund Jeremy Welsh Jeremy Williams 30 1 2 2
3 Zack Smith Nicolas Kerdiles Mark McNeill 20 1 2 2
4 Elias Lindholm Hunter Shinkaruk Mark MacMillan 10 1 2 2
5 vs 5 Defense
Defense Defense Time % Phy DF OF
1 David Fischer Nate Schmidt 40 1 2 2
2 Sasha Pokulok Mat Clark 30 1 2 2
3 Mattias Backman David Schlemko 20 1 2 2
4 Ryan Pulock Nate Schmidt 10 1 2 2
PowerPlay Forward
Center Left Wing Right Wing Time % Phy DF OF
1 Anton Gustafsson Blake Geoffrion Nikita Alexeev 60 1 2 2
2 Markus Granlund Jeremy Welsh Jeremy Williams 40 1 2 2
PowerPlay Defense
Defense Defense Time % Phy DF OF
1 David Fischer Nate Schmidt 60 1 2 2
2 Sasha Pokulok Mat Clark 40 1 2 2
Penalty Kill 4 Players Forward
Center Wing Time % Phy DF OF
1 Anton Gustafsson Mark McNeill 60 1 2 2
2 Jeremy Williams Nicolas Kerdiles 40 1 2 2
Penalty Kill 4 Players Defense
Defense Defense Time % Phy DF OF
1 David Fischer Nate Schmidt 60 1 2 2
2 Sasha Pokulok David Schlemko 40 1 2 2
Penalty Kill - 3 Players Forward
Forward Time % Phy DF OF
1 Anton Gustafsson 60 1 2 2
2 Mark McNeill 40 1 2 2
Penalty Kill - 3 Players Defense
Defense Defense Time % Phy DF OF
1 David Fischer Nate Schmidt 60 1 2 2
2 Sasha Pokulok David Schlemko 40 1 2 2
4 vs 4 Forward
Center Wing Time % Phy DF OF
1 Markus Granlund Blake Geoffrion 60 1 2 2
2 Zack Smith Nicolas Kerdiles 40 1 2 2
4 vs 4 Defense
Defense Defense Time % Phy DF OF
1 David Fischer Nate Schmidt 60 1 2 2
2 Sasha Pokulok Mat Clark 40 1 2 2
Last Minutes Offensive
Center Left Wing Right Wing Defense Defense
Markus Granlund Blake Geoffrion Jeremy Williams David Fischer Nate Schmidt
Last Minutes Defensive
Center Left Wing Right Wing Defense Defense
Zack Smith Blake Geoffrion Jeremy Williams Nate Schmidt Mat Clark
Goaltenders
Starting : Anders Lindback
Backup : Niklas Svedberg
Extra Forwards
Normal : Curtis Lazar, Markus Granlund, Nicolas Kerdiles - PP : Curtis Lazar, Nicolas Kerdiles - PK : Mark McNeill
Extra Defensemen
Normal : Mattias Backman, Mat Clark, Sasha Pokulok - PP : Mattias Backman - PK : Mattias Backman, Sasha Pokulok
Penalty Shots
Blake Geoffrion, Anton Gustafsson, Jeremy Williams, Hunter Shinkaruk, Zack Smith
Scratches
Stanislav Galiev (Healthy), Tyler Graovac (Healthy), Troy Bourke (Healthy), Alexandre Mallet (Healthy), Michael Schumacher (Healthy)
T.J Brodie (Sprained Right Knee Injury), Tristan Jarry (Healthy)
Mulligans
5 vs 5 Forward
Center Left Wing Right Wing Time % Phy DF OF
1 Nick Bonino Eric Tangradi Jonathan Tremblay 40 0 2 3
2 Anton Lander Drayson Bowman Logan Shaw 30 0 2 3
3 Maxime Macenauer Sven Baertschi Joonas Donskoi 20 0 2 3
4 Christoph Bertschy Matt Beleskey Valeri Nichushkin 10 0 2 3
5 vs 5 Defense
Defense Defense Time % Phy DF OF
1 Matt Donovan Cody Goloubef 40 0 3 2
2 Michael Sdao Ben Hutton 30 0 3 2
3 Cade Fairchild Darren Dietz 20 0 3 2
4 Dalton Thrower Matt Donovan 10 0 3 2
PowerPlay Forward
Center Left Wing Right Wing Time % Phy DF OF
1 Nick Bonino Eric Tangradi Jonathan Tremblay 60 0 1 4
2 Anton Lander Drayson Bowman Logan Shaw 40 0 1 4
PowerPlay Defense
Defense Defense Time % Phy DF OF
1 Matt Donovan Cody Goloubef 60 0 2 3
2 Michael Sdao Ben Hutton 40 0 2 3
Penalty Kill 4 Players Forward
Center Wing Time % Phy DF OF
1 Nick Bonino Eric Tangradi 60 0 3 2
2 Anton Lander Maxime Macenauer 40 0 3 2
Penalty Kill 4 Players Defense
Defense Defense Time % Phy DF OF
1 Matt Donovan Cody Goloubef 60 1 4 0
2 Michael Sdao Ben Hutton 40 1 4 0
Penalty Kill - 3 Players Forward
Forward Time % Phy DF OF
1 Nick Bonino 60 1 3 1
2 Eric Tangradi 40 1 3 1
Penalty Kill - 3 Players Defense
Defense Defense Time % Phy DF OF
1 Matt Donovan Cody Goloubef 60 1 4 0
2 Michael Sdao Ben Hutton 40 1 4 0
4 vs 4 Forward
Center Wing Time % Phy DF OF
1 Nick Bonino Eric Tangradi 60 0 2 3
2 Anton Lander Maxime Macenauer 40 0 2 3
4 vs 4 Defense
Defense Defense Time % Phy DF OF
1 Matt Donovan Cody Goloubef 60 0 3 2
2 Michael Sdao Ben Hutton 40 0 3 2
Last Minutes Offensive
Center Left Wing Right Wing Defense Defense
Nick Bonino Eric Tangradi Jonathan Tremblay Matt Donovan Cody Goloubef
Last Minutes Defensive
Center Left Wing Right Wing Defense Defense
Nick Bonino Eric Tangradi Jonathan Tremblay Matt Donovan Cody Goloubef
Goaltenders
Starting : Juuse Saros
Backup : Calvin Pickard
Extra Forwards
Normal : Sven Baertschi, Joonas Donskoi, Valeri Nichushkin - PP : Sven Baertschi, Joonas Donskoi - PK : Matt Beleskey
Extra Defensemen
Normal : Cade Fairchild, Darren Dietz, Dalton Thrower - PP : Cade Fairchild - PK : Darren Dietz, Dalton Thrower
Penalty Shots
Nick Bonino, Eric Tangradi, Anton Lander, Maxime Macenauer, Jonathan Tremblay
Scratches
Reid Boucher (Healthy), Nick Moutrey (Healthy), John Hayden (Healthy), Jonny Brodzinski (Healthy), Marek Langhamer (Healthy)
% Time on Ice - Carnivores
Lines # - Real PCT - Wanted PCT - Time Play
Normal Forward
1 - 36% - 40% - 14:19
2 - 30% - 30% - 11:56
3 - 17% - 20% - 6:37
4 - 18% - 10% - 7:08
Normal Defense
1 - 45% - 40% - 17:48
2 - 37% - 30% - 14:46
3 - 16% - 20% - 6:18
4 - 3% - 10% - 1:08
PP Forward
1 - 58% - 60% - 2:24
2 - 42% - 40% - 1:46
PP Defense
1 - 58% - 60% - 2:24
2 - 42% - 40% - 1:46
PK Forward
1 - 73% - 60% - 10:52
2 - 27% - 40% - 4:03
PK Defense
1 - 72% - 60% - 10:41
2 - 28% - 40% - 4:14
PK3 Forward
1 - 0% - 60%
2 - 0% - 40%
PK3 Defense
1 - 0% - 60%
2 - 0% - 40%
44 Forward
1 - 74% - 60% - 3:41
2 - 26% - 40% - 1:19
44 Defense
1 - 60% - 60% - 3:01
2 - 40% - 40% - 1:59
Last Minute Offensive - 0:55
Last Minute Defensive - 0:00
Total
Forward - 65:00
Defense - 65:00
|
% Time on Ice - Mulligans
Lines # - Real PCT - Wanted PCT - Time Play
Normal Forward
1 - 36% - 40% - 14:13
2 - 25% - 30% - 10:07
3 - 21% - 20% - 8:18
4 - 18% - 10% - 7:12
Normal Defense
1 - 41% - 40% - 16:09
2 - 29% - 30% - 11:37
3 - 25% - 20% - 9:51
4 - 6% - 10% - 2:13
PP Forward
1 - 52% - 60% - 7:42
2 - 48% - 40% - 7:13
PP Defense
1 - 62% - 60% - 9:16
2 - 38% - 40% - 5:39
PK Forward
1 - 71% - 60% - 2:57
2 - 29% - 40% - 1:13
PK Defense
1 - 58% - 60% - 2:26
2 - 42% - 40% - 1:44
PK3 Forward
1 - 0% - 60%
2 - 0% - 40%
PK3 Defense
1 - 0% - 60%
2 - 0% - 40%
44 Forward
1 - 77% - 60% - 3:52
2 - 23% - 40% - 1:08
44 Defense
1 - 61% - 60% - 3:04
2 - 39% - 40% - 1:56
Last Minute Offensive - 0:00
Last Minute Defensive - 1:05
Total
Forward - 65:00
Defense - 65:00
|
Play-by-Play
1st period
0:01 of 1st period - Nikita Alexeev wins face-off versus Nick Bonino in neutral zone.
0:08 of 1st period - Off-side.
0:09 of 1st period - Nick Bonino wins face-off versus Anton Gustafsson in neutral zone.
1:45 of 1st period - Wrist shot by Nikita Alexeev.
1:45 of 1st period - Shot Blocked by Nick Bonino.
2:01 of 1st period - Snap shot by Eric Tangradi.
2:01 of 1st period - Shot Misses the Net.
2:15 of 1st period - Slapshot by Matt Donovan.
2:15 of 1st period - Shot Blocked by David Fischer.
2:17 of 1st period - Slapshot by Jonathan Tremblay.
2:17 of 1st period - Stopped by Anders Lindback without a rebound.
2:18 of 1st period - Anton Lander wins face-off versus Markus Granlund in Carnivores zone.
2:19 of 1st period - Slapshot by Drayson Bowman.
2:19 of 1st period - Shot Misses the Net.
2:21 of 1st period - Wrist shot by Anton Lander.
2:21 of 1st period - Stopped by Anders Lindback without a rebound.
2:22 of 1st period - Anton Lander wins face-off versus Markus Granlund in Carnivores zone.
2:27 of 1st period - Wrist shot by Drayson Bowman.
2:27 of 1st period - Shot Misses the Net.
2:29 of 1st period - Wrist shot by Michael Sdao.
2:29 of 1st period - Stopped by Anders Lindback without a rebound.
2:30 of 1st period - Anton Lander wins face-off versus Markus Granlund in Carnivores zone.
2:37 of 1st period - Wrist shot by Logan Shaw.
2:37 of 1st period - Stopped by Anders Lindback with a rebound.
2:39 of 1st period - Snap shot by Anton Lander.
2:39 of 1st period - Stopped by Anders Lindback with a rebound.
2:41 of 1st period - Slapshot by Ben Hutton.
2:41 of 1st period - Shot Blocked by Jeremy Williams.
2:43 of 1st period - Slapshot by Logan Shaw.
2:43 of 1st period - Deflect By Anton Lander.
2:43 of 1st period - Shot Misses the Net.
2:43 of 1st period - Puck is out of play.
2:44 of 1st period - Zack Smith wins face-off versus Maxime Macenauer in Carnivores zone.
3:12 of 1st period - Snap shot by Sven Baertschi.
3:12 of 1st period - Deflect By Drayson Bowman.
3:12 of 1st period - Shot Misses the Net.
3:12 of 1st period - Puck is out of play.
3:13 of 1st period - Markus Granlund wins face-off versus Anton Lander in Carnivores zone.
3:20 of 1st period - Wrist shot by Jeremy Welsh.
3:20 of 1st period - Stopped by Juuse Saros with a rebound.
3:32 of 1st period - Snap shot by Jeremy Williams.
3:32 of 1st period - Deflect By Ben Hutton.
3:32 of 1st period - Shot Blocked by Michael Sdao.
3:32 of 1st period - Puck is out of play.
3:33 of 1st period - Zack Smith wins face-off versus Christoph Bertschy in Mulligans zone.
3:48 of 1st period - Icing by Nate Schmidt.
3:49 of 1st period - Zack Smith wins face-off versus Maxime Macenauer in Carnivores zone.
4:00 of 1st period - Snap shot by Zack Smith.
4:00 of 1st period - Stopped by Juuse Saros without a rebound.
4:01 of 1st period - Anton Lander wins face-off versus Elias Lindholm in Mulligans zone.
5:28 of 1st period - Mattias Backman is hit by Anton Lander and loses puck.
5:47 of 1st period - Wrist shot by Sven Baertschi.
5:47 of 1st period - Stopped by Anders Lindback with a rebound.
6:27 of 1st period - Wrist shot by Valeri Nichushkin.
6:27 of 1st period - Shot Blocked by Mark McNeill.
6:29 of 1st period - Snap shot by Nick Bonino.
6:29 of 1st period - Stopped by Anders Lindback without a rebound.
6:30 of 1st period - Jonathan Tremblay wins face-off versus Zack Smith in Carnivores zone.
6:35 of 1st period - Wrist shot by Nick Bonino.
6:35 of 1st period - Deflect By Eric Tangradi.
6:35 of 1st period - Shot Blocked by Mattias Backman.
6:35 of 1st period - Puck is out of play.
6:36 of 1st period - Anton Lander wins face-off versus Markus Granlund in Carnivores zone.
7:03 of 1st period - Sven Baertschi is hit by Nate Schmidt and loses puck.
7:48 of 1st period - Snap shot by Matt Beleskey.
7:48 of 1st period - Stopped by Anders Lindback without a rebound.
7:49 of 1st period - Christoph Bertschy wins face-off versus Nikita Alexeev in Carnivores zone.
8:04 of 1st period - Snap shot by Nikita Alexeev.
8:04 of 1st period - Stopped by Juuse Saros with a rebound.
8:14 of 1st period - Wrist shot by Blake Geoffrion.
8:14 of 1st period - Goal by Blake Geoffrion - Carnivores : 1 - Mulligans : 0.
8:15 of 1st period - Markus Granlund wins face-off versus Drayson Bowman in neutral zone.
8:37 of 1st period - Minor Penalty to Jeremy Welsh for Charging.
8:38 of 1st period - Anton Gustafsson wins face-off versus Nick Bonino in Carnivores zone.
8:51 of 1st period - Mark McNeill is hit by Nick Bonino and loses puck.
10:15 of 1st period - Icing by Jonathan Tremblay.
10:16 of 1st period - Nick Bonino wins face-off versus Anton Gustafsson in Mulligans zone.
10:35 of 1st period - Jeremy Williams is hit by Eric Tangradi and loses puck.
10:37 of 1st period - Penalty to Jeremy Welsh is over, Jeremy Welsh is back on ice.
10:39 of 1st period - Icing by Jeremy Welsh.
10:40 of 1st period - Jeremy Williams wins face-off versus Nick Bonino in Carnivores zone.
10:45 of 1st period - Backhand shot by Nicolas Kerdiles.
10:45 of 1st period - Stopped by Juuse Saros with a rebound.
10:57 of 1st period - Wrist shot by Maxime Macenauer.
10:57 of 1st period - Stopped by Anders Lindback with a rebound.
11:27 of 1st period - Wrist shot by Nicolas Kerdiles.
11:27 of 1st period - Shot Misses the Net.
11:29 of 1st period - Minor Penalty to Matt Beleskey for Hooking.
11:30 of 1st period - Anton Gustafsson wins face-off versus Nick Bonino in Mulligans zone.
13:29 of 1st period - Penalty to Matt Beleskey is over, Matt Beleskey is back on ice.
13:38 of 1st period - Snap shot by Eric Tangradi.
13:38 of 1st period - Stopped by Anders Lindback with a rebound.
13:48 of 1st period - Wrist shot by Sasha Pokulok.
13:48 of 1st period - Shot Blocked by Ben Hutton.
14:26 of 1st period - Icing by Michael Sdao.
14:27 of 1st period - Anton Gustafsson wins face-off versus Anton Lander in Mulligans zone.
14:34 of 1st period - Snap shot by Hunter Shinkaruk.
14:34 of 1st period - Stopped by Juuse Saros without a rebound.
14:35 of 1st period - Maxime Macenauer wins face-off versus Mark MacMillan in Mulligans zone.
14:47 of 1st period - David Fischer is hit by Sven Baertschi and loses puck.
14:48 of 1st period - David Fischer from Carnivores is injured at 14:48 of 1st period (Strained Left Knee).
14:49 of 1st period - Nick Bonino wins face-off versus Anton Gustafsson in Carnivores zone.
15:10 of 1st period - Minor Penalty to Nikita Alexeev for Cross-checking.
15:11 of 1st period - Anton Gustafsson wins face-off versus Nick Bonino in Carnivores zone.
15:20 of 1st period - Anton Gustafsson is hit by Cody Goloubef and loses puck.
15:27 of 1st period - Snap shot by Eric Tangradi.
15:27 of 1st period - Goal by Eric Tangradi - Carnivores : 1 - Mulligans : 1.
15:28 of 1st period - Anton Gustafsson wins face-off versus Nick Bonino in neutral zone.
15:42 of 1st period - Slapshot by Cody Goloubef.
15:42 of 1st period - Shot Blocked by Nate Schmidt.
16:06 of 1st period - Snap shot by Anton Lander.
16:06 of 1st period - Deflect By Drayson Bowman.
16:06 of 1st period - Stopped by Anders Lindback without a rebound.
16:07 of 1st period - Anton Gustafsson wins face-off versus Maxime Macenauer in Carnivores zone.
16:16 of 1st period - Snap shot by Anton Gustafsson.
16:16 of 1st period - Deflect By Blake Geoffrion.
16:16 of 1st period - Stopped by Juuse Saros without a rebound.
16:17 of 1st period - Anton Gustafsson wins face-off versus Maxime Macenauer in Mulligans zone.
16:27 of 1st period - Minor Penalty to Sven Baertschi for Interference.
16:28 of 1st period - Nick Bonino wins face-off versus Anton Gustafsson in Mulligans zone.
16:39 of 1st period - Snap shot by Blake Geoffrion.
16:39 of 1st period - Goal by Blake Geoffrion - Carnivores : 2 - Mulligans : 1.
16:40 of 1st period - Nick Bonino wins face-off versus Anton Gustafsson in neutral zone.
16:50 of 1st period - Wrist shot by Blake Geoffrion.
16:50 of 1st period - Shot Blocked by Nick Bonino.
16:52 of 1st period - Minor Penalty to Jonathan Tremblay for Hooking.
16:53 of 1st period - Nick Bonino wins face-off versus Anton Gustafsson in Mulligans zone.
17:18 of 1st period - Maxime Macenauer is hit by Markus Granlund and loses puck.
17:23 of 1st period - Wrist shot by Jeremy Williams.
17:23 of 1st period - Shot Misses the Net.
18:18 of 1st period - Maxime Macenauer is hit by Anton Gustafsson and loses puck.
18:52 of 1st period - Penalty to Jonathan Tremblay is over, Jonathan Tremblay is back on ice.
19:08 of 1st period - Snap shot by Mark McNeill.
19:08 of 1st period - Shot Misses the Net.
19:10 of 1st period - Slapshot by Mat Clark.
19:10 of 1st period - Deflect By Nicolas Kerdiles.
19:10 of 1st period - Shot Misses the Net.
19:10 of 1st period - Puck is out of play.
19:11 of 1st period - Anton Lander wins face-off versus Mark McNeill in Mulligans zone.
19:16 of 1st period - Snap shot by Nicolas Kerdiles.
19:16 of 1st period - Shot Blocked by Darren Dietz.
19:32 of 1st period - Snap shot by Sven Baertschi.
19:32 of 1st period - Shot Misses the Net.
19:34 of 1st period - Wrist shot by Ben Hutton.
19:34 of 1st period - Goal by Ben Hutton - Carnivores : 2 - Mulligans : 2.
19:35 of 1st period - Anton Gustafsson wins face-off versus Nick Bonino in neutral zone.
19:37 of 1st period - Off-side.
19:38 of 1st period - Anton Gustafsson wins face-off versus Jonathan Tremblay in neutral zone.
Goals for this period are 2 for Carnivores vs 2 for Mulligans.
Shots for this period are 8 for Carnivores vs 13 for Mulligans.
2nd period
0:01 of 2nd period - Anton Gustafsson wins face-off versus Nick Bonino in neutral zone.
0:12 of 2nd period - Slapshot by Blake Geoffrion.
0:12 of 2nd period - Deflect By Nikita Alexeev.
0:12 of 2nd period - Shot Blocked by Cody Goloubef.
0:12 of 2nd period - Puck is out of play.
0:13 of 2nd period - Nick Bonino wins face-off versus Anton Gustafsson in Mulligans zone.
0:13 of 2nd period - Nick Bonino is hit by Nikita Alexeev.
0:29 of 2nd period - Matt Donovan is hit by Nikita Alexeev and loses puck.
0:40 of 2nd period - Jeremy Williams is hit by Anton Lander and loses puck.
0:49 of 2nd period - Snap shot by Markus Granlund.
0:49 of 2nd period - Stopped by Juuse Saros without a rebound.
0:50 of 2nd period - Anton Lander wins face-off versus Zack Smith in Mulligans zone.
0:57 of 2nd period - Snap shot by Drayson Bowman.
0:57 of 2nd period - Shot Hit the Post.
0:59 of 2nd period - Wrist shot by Logan Shaw.
0:59 of 2nd period - Goal by Logan Shaw - Carnivores : 2 - Mulligans : 3.
1:00 of 2nd period - Nick Bonino wins face-off versus Anton Gustafsson in neutral zone.
1:25 of 2nd period - Michael Sdao is hit by Jeremy Williams.
2:10 of 2nd period - Slapshot by Nate Schmidt.
2:10 of 2nd period - Stopped by Juuse Saros with a rebound.
2:33 of 2nd period - Slapshot by Nate Schmidt.
2:33 of 2nd period - Stopped by Juuse Saros with a rebound.
2:35 of 2nd period - Snap shot by Nate Schmidt.
2:35 of 2nd period - Stopped by Juuse Saros without a rebound.
2:36 of 2nd period - Logan Shaw wins face-off versus Markus Granlund in Mulligans zone.
2:36 of 2nd period - Logan Shaw is hit by Markus Granlund.
2:42 of 2nd period - Sasha Pokulok is hit by Logan Shaw and loses puck.
3:01 of 2nd period - Cody Goloubef is hit by Anton Gustafsson and loses puck.
3:10 of 2nd period - Wrist shot by Nikita Alexeev.
3:10 of 2nd period - Shot Blocked by Eric Tangradi.
3:12 of 2nd period - Wrist shot by David Schlemko.
3:12 of 2nd period - Stopped by Juuse Saros with a rebound.
3:30 of 2nd period - Snap shot by Elias Lindholm.
3:30 of 2nd period - Stopped by Juuse Saros without a rebound.
3:31 of 2nd period - Elias Lindholm wins face-off versus Anton Lander in Mulligans zone.
4:30 of 2nd period - Ben Hutton is hit by Nate Schmidt and loses puck.
5:20 of 2nd period - Wrist shot by Matt Beleskey.
5:20 of 2nd period - Stopped by Anders Lindback without a rebound.
5:21 of 2nd period - Jonathan Tremblay wins face-off versus Markus Granlund in Carnivores zone.
5:48 of 2nd period - Cade Fairchild is hit by Nikita Alexeev and loses puck.
5:57 of 2nd period - Wrist shot by Cody Goloubef.
5:57 of 2nd period - Shot Blocked by Mat Clark.
6:05 of 2nd period - Minor Penalty to Mat Clark for Hooking.
6:06 of 2nd period - Anton Gustafsson wins face-off versus Nick Bonino in Carnivores zone.
6:06 of 2nd period - Anton Gustafsson is hit by Cody Goloubef.
6:40 of 2nd period - Snap shot by Anton Lander.
6:40 of 2nd period - Stopped by Anders Lindback without a rebound.
6:41 of 2nd period - Jeremy Williams wins face-off versus Anton Lander in Carnivores zone.
7:06 of 2nd period - Sasha Pokulok is hit by Eric Tangradi and loses puck.
7:35 of 2nd period - Nate Schmidt is hit by Jonathan Tremblay and loses puck.
8:05 of 2nd period - Penalty to Mat Clark is over, Mat Clark is back on ice.
8:50 of 2nd period - Logan Shaw is hit by Nikita Alexeev and loses puck.
9:03 of 2nd period - Joonas Donskoi is hit by Mat Clark and loses puck.
9:14 of 2nd period - Sven Baertschi is hit by Jeremy Welsh and loses puck.
9:41 of 2nd period - Slapshot by Ben Hutton.
9:41 of 2nd period - Shot Blocked by Nikita Alexeev.
10:58 of 2nd period - Blake Geoffrion is hit by Sven Baertschi and loses puck.
11:03 of 2nd period - Snap shot by Joonas Donskoi.
11:03 of 2nd period - Goal by Joonas Donskoi - Carnivores : 2 - Mulligans : 4.
11:03 of 2nd period - Niklas Svedberg enters game.
11:04 of 2nd period - Anton Gustafsson wins face-off versus Jonathan Tremblay in neutral zone.
11:38 of 2nd period - Wrist shot by Logan Shaw.
11:38 of 2nd period - Stopped by Niklas Svedberg without a rebound.
11:39 of 2nd period - Markus Granlund wins face-off versus Anton Lander in Carnivores zone.
11:54 of 2nd period - Mat Clark is hit by Cade Fairchild and loses puck.
12:07 of 2nd period - Slapshot by Mat Clark.
12:07 of 2nd period - Stopped by Juuse Saros without a rebound.
12:08 of 2nd period - Eric Tangradi wins face-off versus Anton Gustafsson in Mulligans zone.
12:18 of 2nd period - Off-side.
12:19 of 2nd period - Nick Bonino wins face-off versus Anton Gustafsson in neutral zone.
12:55 of 2nd period - Slapshot by Logan Shaw.
12:55 of 2nd period - Shot Blocked by Jeremy Welsh.
12:57 of 2nd period - Slapshot by Matt Donovan.
12:57 of 2nd period - Stopped by Niklas Svedberg without a rebound.
12:58 of 2nd period - Maxime Macenauer wins face-off versus Anton Gustafsson in Carnivores zone.
13:25 of 2nd period - Nick Bonino is hit by Jeremy Welsh and loses puck.
14:15 of 2nd period - Wrist shot by Anton Lander.
14:15 of 2nd period - Deflect By Drayson Bowman.
14:15 of 2nd period - Stopped by Niklas Svedberg with a rebound.
14:17 of 2nd period - Wrist shot by Logan Shaw.
14:17 of 2nd period - Shot Misses the Net.
14:27 of 2nd period - Cade Fairchild is hit by Blake Geoffrion and loses puck.
15:10 of 2nd period - Minor Penalty to Nicolas Kerdiles for High sticking.
15:11 of 2nd period - Anton Gustafsson wins face-off versus Nick Bonino in Carnivores zone.
15:50 of 2nd period - Icing by Anton Lander.
15:51 of 2nd period - Anton Lander wins face-off versus Anton Gustafsson in Mulligans zone.
16:28 of 2nd period - David Schlemko is hit by Jonathan Tremblay and loses puck.
16:43 of 2nd period - Slapshot by Matt Donovan.
16:43 of 2nd period - Shot Blocked by Jeremy Williams.
16:47 of 2nd period - Slapshot by Anton Lander.
16:47 of 2nd period - Stopped by Niklas Svedberg without a rebound.
16:48 of 2nd period - Anton Gustafsson wins face-off versus Logan Shaw in Carnivores zone.
17:10 of 2nd period - Penalty to Nicolas Kerdiles is over, Nicolas Kerdiles is back on ice.
17:29 of 2nd period - Wrist shot by Markus Granlund.
17:29 of 2nd period - Shot Misses the Net.
17:31 of 2nd period - Snap shot by Markus Granlund.
17:31 of 2nd period - Goal by Markus Granlund - Carnivores : 3 - Mulligans : 4.
17:32 of 2nd period - Markus Granlund wins face-off versus Nick Bonino in neutral zone.
17:59 of 2nd period - Drayson Bowman is hit by Hunter Shinkaruk and loses puck.
18:14 of 2nd period - Minor Penalty to Mark MacMillan for Hooking.
18:15 of 2nd period - Anton Gustafsson wins face-off versus Nick Bonino in Carnivores zone.
18:26 of 2nd period - Slapshot by Anton Gustafsson.
18:26 of 2nd period - Shot Misses the Net.
18:31 of 2nd period - Off-side.
18:32 of 2nd period - Anton Gustafsson wins face-off versus Anton Lander in neutral zone.
18:37 of 2nd period - Snap shot by Nate Schmidt.
18:37 of 2nd period - Deflect By Mark McNeill.
18:37 of 2nd period - Stopped by Juuse Saros with a rebound.
18:45 of 2nd period - Wrist shot by Anton Lander.
18:45 of 2nd period - Stopped by Niklas Svedberg without a rebound.
18:46 of 2nd period - Anton Gustafsson wins face-off versus Nick Bonino in Carnivores zone.
18:46 of 2nd period - Anton Gustafsson is hit by Jonathan Tremblay.
18:56 of 2nd period - Slapshot by Eric Tangradi.
18:56 of 2nd period - Shot Misses the Net.
18:58 of 2nd period - Wrist shot by Jonathan Tremblay.
18:58 of 2nd period - Goal by Jonathan Tremblay - Carnivores : 3 - Mulligans : 5.
18:59 of 2nd period - Anton Gustafsson wins face-off versus Nick Bonino in neutral zone.
18:59 of 2nd period - Double Minor Penalty to Nikita Alexeev for High sticking.
19:00 of 2nd period - Nick Bonino wins face-off versus Anton Gustafsson in Carnivores zone.
19:11 of 2nd period - Wrist shot by Cody Goloubef.
19:11 of 2nd period - Shot Blocked by Mattias Backman.
19:13 of 2nd period - Wrist shot by Eric Tangradi.
19:13 of 2nd period - Stopped by Niklas Svedberg without a rebound.
19:14 of 2nd period - Nick Bonino wins face-off versus Anton Gustafsson in Carnivores zone.
19:15 of 2nd period - Slapshot by Matt Donovan.
19:15 of 2nd period - Deflect By Jonathan Tremblay.
19:15 of 2nd period - Stopped by Niklas Svedberg with a rebound.
19:39 of 2nd period - Anton Gustafsson is hit by Anton Lander and loses puck.
19:53 of 2nd period - Icing by Matt Donovan.
19:54 of 2nd period - Drayson Bowman wins face-off versus Jeremy Williams in Mulligans zone.
Goals for this period are 1 for Carnivores vs 3 for Mulligans.
Shots for this period are 9 for Carnivores vs 12 for Mulligans.
3rd period
0:01 of 3rd period - Nick Bonino wins face-off versus Anton Gustafsson in neutral zone.
1:14 of 3rd period - Sasha Pokulok is hit by Ben Hutton and loses puck.
1:55 of 3rd period - Michael Sdao is hit by Hunter Shinkaruk and loses puck.
2:07 of 3rd period - Icing by Ben Hutton.
2:08 of 3rd period - Anton Gustafsson wins face-off versus Anton Lander in Mulligans zone.
2:17 of 3rd period - Ben Hutton is hit by Anton Gustafsson and loses puck.
2:59 of 3rd period - Penalty to Nikita Alexeev is over, Nikita Alexeev is back on ice.
3:20 of 3rd period - Cody Goloubef is hit by Sasha Pokulok.
3:30 of 3rd period - Jeremy Welsh is hit by Matt Beleskey and loses puck.
4:18 of 3rd period - Nick Bonino is hit by Mattias Backman and loses puck.
4:29 of 3rd period - Wrist shot by Nikita Alexeev.
4:29 of 3rd period - Shot Misses the Net.
4:46 of 3rd period - Mat Clark is hit by Matt Donovan.
4:55 of 3rd period - Jeremy Welsh is hit by Matt Beleskey and loses puck.
5:10 of 3rd period - Nate Schmidt is hit by Sven Baertschi and loses puck.
5:15 of 3rd period - Slapshot by Maxime Macenauer.
5:15 of 3rd period - Shot Misses the Net.
5:38 of 3rd period - Wrist shot by Hunter Shinkaruk.
5:38 of 3rd period - Goal by Hunter Shinkaruk - Carnivores : 4 - Mulligans : 5.
5:39 of 3rd period - Nick Bonino wins face-off versus Anton Gustafsson in neutral zone.
5:42 of 3rd period - Snap shot by Matt Donovan.
5:42 of 3rd period - Stopped by Niklas Svedberg with a rebound.
5:44 of 3rd period - Wrist shot by Eric Tangradi.
5:44 of 3rd period - Shot Blocked by Mat Clark.
5:46 of 3rd period - Snap shot by Eric Tangradi.
5:46 of 3rd period - Shot Blocked by Sasha Pokulok.
5:48 of 3rd period - Wrist shot by Jonathan Tremblay.
5:48 of 3rd period - Stopped by Niklas Svedberg with a rebound.
5:50 of 3rd period - Slapshot by Matt Donovan.
5:50 of 3rd period - Shot Blocked by Mat Clark.
5:52 of 3rd period - Wrist shot by Jonathan Tremblay.
5:52 of 3rd period - Deflect By Nick Bonino.
5:52 of 3rd period - Stopped by Niklas Svedberg with a rebound.
5:54 of 3rd period - Slapshot by Matt Donovan.
5:54 of 3rd period - Deflect By Eric Tangradi.
5:54 of 3rd period - Shot Misses the Net.
5:54 of 3rd period - Puck is out of play.
5:55 of 3rd period - Anton Lander wins face-off versus Markus Granlund in Carnivores zone.
6:29 of 3rd period - Slapshot by Michael Sdao.
6:29 of 3rd period - Shot Blocked by Sasha Pokulok.
6:41 of 3rd period - Michael Sdao is hit by Markus Granlund and loses puck.
7:08 of 3rd period - Blake Geoffrion is hit by Jonathan Tremblay and loses puck.
7:23 of 3rd period - Slapshot by Anton Lander.
7:23 of 3rd period - Stopped by Niklas Svedberg with a rebound.
8:41 of 3rd period - Wrist shot by Jeremy Williams.
8:41 of 3rd period - Shot Misses the Net.
8:47 of 3rd period - Markus Granlund is hit by Sven Baertschi and loses puck.
9:00 of 3rd period - Wrist shot by Matt Beleskey.
9:00 of 3rd period - Stopped by Niklas Svedberg without a rebound.
9:01 of 3rd period - Zack Smith wins face-off versus Christoph Bertschy in Carnivores zone.
9:01 of 3rd period - Zack Smith is hit by Christoph Bertschy.
9:11 of 3rd period - Snap shot by Matt Beleskey.
9:11 of 3rd period - Shot Misses the Net.
9:13 of 3rd period - Snap shot by Christoph Bertschy.
9:13 of 3rd period - Mulligans goal is going for a video replay.
9:13 of 3rd period - The goal is good.
9:13 of 3rd period - Goal by Christoph Bertschy - Carnivores : 4 - Mulligans : 6.
9:14 of 3rd period - Anton Gustafsson wins face-off versus Nick Bonino in neutral zone.
9:21 of 3rd period - Snap shot by Nikita Alexeev.
9:21 of 3rd period - Stopped by Juuse Saros with a rebound.
9:27 of 3rd period - Wrist shot by Nikita Alexeev.
9:27 of 3rd period - Stopped by Juuse Saros without a rebound.
9:28 of 3rd period - Anton Gustafsson wins face-off versus Anton Lander in Mulligans zone.
9:39 of 3rd period - Wrist shot by Nikita Alexeev.
9:39 of 3rd period - Stopped by Juuse Saros with a rebound.
9:53 of 3rd period - Mattias Backman is hit by Eric Tangradi and loses puck.
10:20 of 3rd period - Snap shot by Hunter Shinkaruk.
10:20 of 3rd period - Shot Blocked by Jonathan Tremblay.
10:22 of 3rd period - Slapshot by Sasha Pokulok.
10:22 of 3rd period - Shot Misses the Net.
10:24 of 3rd period - Snap shot by Mat Clark.
10:24 of 3rd period - Stopped by Juuse Saros with a rebound.
10:54 of 3rd period - Wrist shot by Anton Lander.
10:54 of 3rd period - Shot Misses the Net.
10:56 of 3rd period - Slapshot by Anton Lander.
10:56 of 3rd period - Shot Misses the Net.
11:18 of 3rd period - Minor Penalty to Jeremy Welsh for Delaying the game.
11:19 of 3rd period - Nick Bonino wins face-off versus Anton Gustafsson in Carnivores zone.
11:19 of 3rd period - Snap shot by Eric Tangradi.
11:19 of 3rd period - Stopped by Niklas Svedberg without a rebound.
11:20 of 3rd period - Nick Bonino wins face-off versus Anton Gustafsson in Carnivores zone.
11:49 of 3rd period - Wrist shot by Anton Lander.
11:49 of 3rd period - Stopped by Niklas Svedberg with a rebound.
11:51 of 3rd period - Slapshot by Cody Goloubef.
11:51 of 3rd period - Stopped by Niklas Svedberg without a rebound.
11:52 of 3rd period - Anton Lander wins face-off versus Jeremy Williams in Carnivores zone.
11:53 of 3rd period - Wrist shot by Logan Shaw.
11:53 of 3rd period - Deflect By Jeremy Williams.
11:53 of 3rd period - Stopped by Niklas Svedberg with a rebound.
12:16 of 3rd period - Snap shot by Jeremy Williams.
12:16 of 3rd period - Goal by Jeremy Williams - Carnivores : 5 - Mulligans : 6.
12:17 of 3rd period - Anton Gustafsson wins face-off versus Nick Bonino in neutral zone.
12:24 of 3rd period - Snap shot by Mattias Backman.
12:24 of 3rd period - Deflect By Nick Bonino.
12:24 of 3rd period - Stopped by Juuse Saros with a rebound.
12:30 of 3rd period - Slapshot by Matt Donovan.
12:30 of 3rd period - Shot Misses the Net.
12:32 of 3rd period - Wrist shot by Eric Tangradi.
12:32 of 3rd period - Stopped by Niklas Svedberg without a rebound.
12:33 of 3rd period - Mark McNeill wins face-off versus Nick Bonino in Carnivores zone.
13:18 of 3rd period - Penalty to Jeremy Welsh is over, Jeremy Welsh is back on ice.
13:31 of 3rd period - Sasha Pokulok is hit by Maxime Macenauer and loses puck.
14:06 of 3rd period - Slapshot by Blake Geoffrion.
14:06 of 3rd period - Stopped by Juuse Saros with a rebound.
14:08 of 3rd period - Slapshot by David Schlemko.
14:08 of 3rd period - Shot Blocked by Jonathan Tremblay.
14:24 of 3rd period - Nate Schmidt is hit by Darren Dietz and loses puck.
14:47 of 3rd period - Cade Fairchild is hit by Mat Clark and loses puck.
15:08 of 3rd period - Wrist shot by Christoph Bertschy.
15:08 of 3rd period - Stopped by Niklas Svedberg with a rebound.
15:26 of 3rd period - Slapshot by Jonathan Tremblay.
15:26 of 3rd period - Shot Blocked by Mattias Backman.
15:28 of 3rd period - Slapshot by Nick Bonino.
15:28 of 3rd period - Stopped by Niklas Svedberg with a rebound.
15:30 of 3rd period - Slapshot by Jonathan Tremblay.
15:30 of 3rd period - Shot Misses the Net.
15:36 of 3rd period - Minor Penalty to Blake Geoffrion for Tripping.
15:37 of 3rd period - Anton Gustafsson wins face-off versus Nick Bonino in Carnivores zone.
15:37 of 3rd period - Anton Gustafsson is hit by Cody Goloubef.
17:36 of 3rd period - Penalty to Blake Geoffrion is over, Blake Geoffrion is back on ice.
17:36 of 3rd period - Drayson Bowman is hit by Hunter Shinkaruk and loses puck.
18:08 of 3rd period - Icing by Joonas Donskoi.
18:09 of 3rd period - Sven Baertschi wins face-off versus Markus Granlund in Mulligans zone.
18:14 of 3rd period - Jeremy Welsh is hit by Logan Shaw and loses puck.
18:47 of 3rd period - Carnivores, Niklas Svedberg is pulled from the net.
19:45 of 3rd period - Snap shot by Blake Geoffrion.
19:45 of 3rd period - Shot Misses the Net.
19:47 of 3rd period - Snap shot by Blake Geoffrion.
19:47 of 3rd period - Shot Misses the Net.
19:49 of 3rd period - Snap shot by Blake Geoffrion.
19:49 of 3rd period - Goal by Blake Geoffrion - Carnivores : 6 - Mulligans : 6.
19:49 of 3rd period - Niklas Svedberg from Carnivores was sent back in the game.
19:50 of 3rd period - Zack Smith wins face-off versus Sven Baertschi in neutral zone.
Goals for this period are 3 for Carnivores vs 1 for Mulligans.
Shots for this period are 9 for Carnivores vs 13 for Mulligans.
Overtime #1
0:01 of 1st overtime period - Markus Granlund wins face-off versus Nick Bonino in neutral zone.
0:41 of 1st overtime period - Icing by Nick Bonino.
0:42 of 1st overtime period - Zack Smith wins face-off versus Anton Lander in Mulligans zone.
0:49 of 1st overtime period - Slapshot by Zack Smith.
0:49 of 1st overtime period - Shot Blocked by Ben Hutton.
0:59 of 1st overtime period - Backhand shot by Anton Lander.
0:59 of 1st overtime period - Shot Misses the Net.
1:29 of 1st overtime period - Blake Geoffrion is hit by Matt Donovan and loses puck.
1:34 of 1st overtime period - Snap shot by Sven Baertschi.
1:34 of 1st overtime period - Stopped by Niklas Svedberg with a rebound.
1:56 of 1st overtime period - Slapshot by Matt Donovan.
1:56 of 1st overtime period - Stopped by Niklas Svedberg with a rebound.
1:58 of 1st overtime period - Wrist shot by Cody Goloubef.
1:58 of 1st overtime period - Stopped by Niklas Svedberg without a rebound.
1:59 of 1st overtime period - Markus Granlund wins face-off versus Valeri Nichushkin in Carnivores zone.
2:16 of 1st overtime period - Matt Donovan is hit by Sasha Pokulok and loses puck.
2:24 of 1st overtime period - Icing by Cody Goloubef.
2:25 of 1st overtime period - Nicolas Kerdiles wins face-off versus Nick Bonino in Mulligans zone.
2:46 of 1st overtime period - Snap shot by Nicolas Kerdiles.
2:46 of 1st overtime period - Shot Blocked by Maxime Macenauer.
2:48 of 1st overtime period - Wrist shot by Mat Clark.
2:48 of 1st overtime period - Deflect By Zack Smith.
2:48 of 1st overtime period - Stopped by Juuse Saros without a rebound.
2:49 of 1st overtime period - Markus Granlund wins face-off versus Nick Bonino in Mulligans zone.
2:58 of 1st overtime period - Sasha Pokulok is hit by Cody Goloubef and loses puck.
2:59 of 1st overtime period - Sasha Pokulok from Carnivores is injured at 2:59 of 1st overtime period (Lacerated Left Calf).
3:00 of 1st overtime period - Markus Granlund wins face-off versus Nick Bonino in Carnivores zone.
3:52 of 1st overtime period - Slapshot by Nicolas Kerdiles.
3:52 of 1st overtime period - Shot Hit the Post.
4:20 of 1st overtime period - Wrist shot by Sven Baertschi.
4:20 of 1st overtime period - Shot Blocked by Nate Schmidt.
4:40 of 1st overtime period - Mat Clark is hit by Anton Lander and loses puck.
4:45 of 1st overtime period - Wrist shot by Maxime Macenauer.
4:45 of 1st overtime period - Deflect By Anton Lander.
4:45 of 1st overtime period - Stopped by Niklas Svedberg without a rebound.
4:46 of 1st overtime period - Curtis Lazar wins face-off versus Nick Bonino in Carnivores zone.
4:46 of 1st overtime period - Curtis Lazar is hit by Nick Bonino.
Goals for this period are 0 for Carnivores vs 0 for Mulligans.
Shots for this period are 1 for Carnivores vs 4 for Mulligans.
ShootOut
5:00 of 1st overtime period - Round #1.
5:00 of 1st overtime period - Carnivores, Blake Geoffrion.
5:00 of 1st overtime period - Snap shot by Blake Geoffrion.
5:00 of 1st overtime period - Shot Misses the Net.
5:00 of 1st overtime period - Mulligans, Nick Bonino.
5:00 of 1st overtime period - Backhand shot by Nick Bonino.
5:00 of 1st overtime period - Stopped by Niklas Svedberg.
5:00 of 1st overtime period - Round #2.
5:00 of 1st overtime period - Carnivores, Anton Gustafsson.
5:00 of 1st overtime period - Backhand shot by Anton Gustafsson.
5:00 of 1st overtime period - Stopped by Juuse Saros.
5:00 of 1st overtime period - Mulligans, Eric Tangradi.
5:00 of 1st overtime period - Backhand shot by Eric Tangradi.
5:00 of 1st overtime period - Stopped by Niklas Svedberg.
5:00 of 1st overtime period - Round #3.
5:00 of 1st overtime period - Carnivores, Jeremy Williams.
5:00 of 1st overtime period - Snap shot by Jeremy Williams.
5:00 of 1st overtime period - Goal by Jeremy Williams.
5:00 of 1st overtime period - Mulligans, Anton Lander.
5:00 of 1st overtime period - Backhand shot by Anton Lander.
5:00 of 1st overtime period - Goal by Anton Lander.
5:00 of 1st overtime period - Round #4.
5:00 of 1st overtime period - Carnivores, Hunter Shinkaruk.
5:00 of 1st overtime period - Deke by Hunter Shinkaruk.
5:00 of 1st overtime period - Goal by Hunter Shinkaruk.
5:00 of 1st overtime period - Mulligans, Maxime Macenauer.
5:00 of 1st overtime period - Wrist shot by Maxime Macenauer.
5:00 of 1st overtime period - Goal by Maxime Macenauer.
5:00 of 1st overtime period - Round #5.
5:00 of 1st overtime period - Carnivores, Zack Smith.
5:00 of 1st overtime period - Snap shot by Zack Smith.
5:00 of 1st overtime period - Stopped by Juuse Saros.
5:00 of 1st overtime period - Mulligans, Jonathan Tremblay.
5:00 of 1st overtime period - Deke by Jonathan Tremblay.
5:00 of 1st overtime period - Stopped by Niklas Svedberg.
5:00 of 1st overtime period - Round #6.
5:00 of 1st overtime period - Carnivores, Jeremy Welsh.
5:00 of 1st overtime period - Backhand shot by Jeremy Welsh.
5:00 of 1st overtime period - Goal by Jeremy Welsh.
5:00 of 1st overtime period - Mulligans, Christoph Bertschy.
5:00 of 1st overtime period - Backhand shot by Christoph Bertschy.
5:00 of 1st overtime period - Stopped by Niklas Svedberg.
Back to the Top